 Dungeon Crawl Stone Soup version 0.29.1-2-gbd0b4ee654 (webtiles) character file.

Game seed: 11471818595296458280

53 hawla the Gusty (level 4, -1/34 HPs)
             Began as a Meteoran Air Elementalist on Nov 14, 2022.
             Slain by a gnoll
             ... wielding a +0 whip
              (7 damage)
             ... on level 2 of the Dungeon.
             The game lasted 00:04:14 (545 turns).

hawla the Gusty (Meteoran Air Elementalist)          Turns: 545, Time: 00:04:14

Health: -1/34      AC:  2    Str:  9    XL:     4   Next: 31%
Magic:  1/10       EV: 12    Int: 19    God:
Gold:   24         SH:  0    Dex: 14    Spells: 6/9 levels left

rFire   . . .      SeeInvis .   (no weapon)
rCold   . . .      Faith    .   (no shield)
rNeg    . . .      Spirit   .   a - +0 robe
rPois   .          Reflect  .   (no helmet)
rElec   .          Harm     .   (no cloak)
rCorr   .          Rampage  .   (no gloves)
Will    .....                   (no boots)
Stlth   +.........              (no amulet)
HPRegen 0.11/turn               d - ring of wizardry
MPRegen 0.12/turn               (no ring)

@: flying, glowing
A: sense surroundings 1, otherworldly, glowing, explore regen
a: no special abilities


You were on level 2 of the Dungeon.
You visited 1 branch of the dungeon, and saw 2 of its levels.

You collected 24 gold pieces.

Inventory:

Armour
 a - a +0 robe (worn)
Jewellery
 d - a ring of wizardry (left hand)
Potions
 c - 3 potions of flight


   Skills:
 + Level 0.5 Fighting
 + Level 2.8 Dodging
 - Level 1.4 Stealth
 + Level 3.3 Spellcasting
 + Level 2.0 Conjurations
 + Level 4.6 Air Magic


You had 6 spell levels left.
You knew the following spells:

 Your Spells              Type           Power      Damage    Failure   Level
a - Shock                 Conj/Air       60%        1d6       1%          1
b - Static Discharge      Conj/Air       15%        3-5/arc   2%          2

Your spell library contained the following spells:

 Spells                   Type           Power      Damage    Failure   Level
 Swiftness                Air            20%        N/A       2%          3
 Airstrike                Air            10%        2d(2-18)  9%          4


Dungeon Overview and Level Annotations

Branches:
Dungeon (2/15) Zot: 674

Altars:


Innate Abilities, Weirdness & Mutations

You passively map a small area around you.
You are easily found by Zot.
You glow in the dark.
You regain HP and MP as you explore.


Message History

That beam is likely to hit you.
Continue anyway?
Okay, then.
There is a stone staircase leading up here.
You see here a +0 leather armour.
Casting: Shock (safe; 1% risk of failure)
Confirm with . or Enter, or press ? or * to list all spells.
Aiming: Shock (safe; 1% risk of failure)
Press: ? - help, Shift-Dir - straight line, f - gnoll
Aim: a gnoll, wielding a +0 whip (almost dead, 75% to hit)
The zap hits the gnoll but does no damage.
The gnoll is almost dead.
The gnoll hits you with a +0 whip.
Unknown command.
Casting: Shock (safe; 1% risk of failure)
Confirm with . or Enter, or press ? or * to list all spells.
Aiming: Shock (safe; 1% risk of failure)
Press: ? - help, Shift-Dir - straight line, f/p - gnoll
Aim: a gnoll, wielding a +0 whip (severely wounded, 75% to hit)
The zap misses the gnoll.
The gnoll hits you with a +0 whip.
Casting: Shock (safe; 1% risk of failure)
Confirm with . or Enter, or press ? or * to list all spells.
Aiming: Shock (safe; 1% risk of failure)
Press: ? - help, Shift-Dir - straight line, f/p - gnoll
Aim: a gnoll, wielding a +0 whip (severely wounded, 75% to hit)
The zap hits the gnoll.
The gnoll is almost dead.
The gnoll hits you with a +0 whip.
Unknown command.
It was a potion of flight.
You feel very buoyant.
You fly up into the air.
The gnoll completely misses you. The gnoll hits you with a +0 whip.
* * * LOW HITPOINT WARNING * * *
Okay, then.
As you read the scroll labelled ZISUIGIUDO, it crumbles to dust.
It is a scroll of identify.
You don't have any unidentified items.
The gnoll barely misses you. The gnoll attacks as you move away!
The gnoll hits you with a +0 whip!
You die...

* * ,
#######
#>).g[# , ,
#.###@# , #
#..........
,,,
#.#.#######
, .....#
,###*#.#
#.. #.# #.
,#.. * #.
#..* , <


You could see a gnoll.

Vanquished Creatures
  2 gnolls (D:2)
  A dart slug (D:1)
  3 ball pythons (D:1)
  4 endoplasms (D:1)
  5 goblins (D:1)
  A hobgoblin (D:1)
  4 jackals (D:1)
  2 quokkas (D:1)
  A bat (D:1)
  5 rats (D:1)
28 creatures vanquished.

Notes
Turn   | Place    | Note
-------+----------+-------------------------------------------
     0 | D:1      | hawla the Meteoran Air Elementalist began the quest for the
                  | Orb.
     0 | D:1      | Reached XP level 1. HP: 14/14 MP: 5/5
    73 | D:1      | Reached XP level 2. HP: 6/20 MP: 4/6
    89 | D:1      | Reached skill level 4 in Air Magic
    97 | D:1      | Learned a level 2 spell: Static Discharge
   161 | D:1      | Reached XP level 3. HP: 23/26 MP: 0/8
   519 | D:1      | Glimpsed the power of Zot.
   536 | D:2      | Reached XP level 4. HP: 16/34 MP: 4/9
   545 | D:2      | Slain by a gnoll

Illustrated notes

Levels and vault maps discovered:
D:1:      tarquinn_simple_flora_water_d, layout_loops_ring, st_stairs_10,
          nicolae_wormholes
D:2:      layout_loops_cross, nicolae_ecumenical_oubliette,
          lexackson_kobold_supper

Skill      XL: |  1  2  3  4 |
---------------+-------------+-----
Air Magic      | 4 |  4.6
Spellcasting   | 3 |  3.3
Conjurations   | 2 |  2.0
Fighting       | |  0.5
Dodging        | |  2.8
Stealth        | |  1.4

Action                   |  1- 3 |  4- 6 || total
-------------------------+-------+-------++-------
Melee: Unarmed           |     6 |       ||     6
       Punch             |     1 |       ||     1
 Cast: Shock             |    44 |     3 ||    47
       Static Discharge  |    11 |     1 ||    12
  Use: Potion            |     2 |     1 ||     3
       Scroll            |       |     1 ||     1
Armor: Robe              |    11 |       ||    11
Dodge: Dodged            |    22 |     2 ||    24
